 Dungeon Crawl Stone Soup version 0.22-a0-305-gd21a89c (webtiles) character file.

5 mhoghedin the Grave Robber (level 1, 0/13 (14) HPs)
             Began as a Ghoul Necromancer on Mar 29, 2018.
             Slain by a frilled lizard (1 damage)
             ... on level 1 of the Dungeon.
             The game lasted 00:01:17 (204 turns).

mhoghedin the Grave Robber (Ghoul Necromancer)       Turns: 204, Time: 00:01:17

HP:   0/13 (14)     AC:  2    Str: 11    XL:     1   Next: 80%
MP:   1/2           EV: 12    Int: 10    God:
Gold: 12            SH:  0    Dex:  9    Spells: 2/3 levels left

rFire    . . .     SeeInvis .   b - -3 club (curse)
rCold    + . .     Gourm    .   (no shield)
rNeg     + + +     Faith    .   a - +0 robe
rPois    ∞         Spirit   .   (no helmet)
rElec    .         Reflect  .   (no cloak)
rCorr    .         Harm     .   (no gloves)
MR       .....                  (no boots)
Stlth    ++........             (no amulet)
HPRegen  0.00/turn              (no ring)
MPRegen  0.08/turn              (no ring)

@: rotting
A: rotting body, claws 1, carnivore, cold resistance 1, negative energy
resistance 3, inhibited regeneration, torment resistance, unbreathing
a: no special abilities


You were on level 1 of the Dungeon.
You were not hungry.

You visited 1 branch of the dungeon, and saw 1 of its levels.

You collected 12 gold pieces.

Inventory:

Hand Weapons
 b - a cursed -3 club (weapon)
   (You found it on level 1 of the Dungeon)
Armour
 a - a +0 robe (worn)
Comestibles
 c - 2 rations


   Skills:
 - Level 1.7 Dodging
 - Level 2.1 Stealth
 - Level 1.7 Spellcasting
 + Level 4.3 Necromancy


You had 2 spell levels left.
You knew the following spells:

 Your Spells              Type           Power        Failure   Level  Hunger
a - Pain                  Necr           #...         5%          1    ##.....


Dungeon Overview and Level Annotations

Branches:
Dungeon (1/15)

Altars:


Innate Abilities, Weirdness & Mutations

Your body is rotting away.
You thrive on raw meat.
You are immune to poison.
You have sharp fingernails.
You are carnivorous and can eat meat at any time.
Your flesh is cold resistant. (rC+)
You are immune to negative energy. (rN+++)
You do not regenerate when monsters are visible.
You are immune to unholy pain and torment.
You can survive without breathing.


Message History

You take 1 damage, and have 13/14 hp.
You now have 0/2 mp.
The bat misses you. The bat completely misses you. The bat closely misses you.
The bat barely misses you. The bat barely misses you. x2
The bat hits you.
You take 1 damage, and have 12/14 hp.
The bat closely misses you.
The frilled lizard hisses.
You scratch the bat but do no damage. The bat hits you.
The bat hits you but does no damage.
You take 1 damage, and have 11/14 hp.
You miss the bat. The bat hits you but does no damage.
You closely miss the bat. The bat barely misses you.
You closely miss the bat. The bat closely misses you.
You scratch the bat but do no damage. The bat barely misses you.
The bat hits you but does no damage.
You closely miss the bat. The bat hits you but does no damage.
You miss the bat. The bat barely misses you. x2
You barely miss the bat. The bat barely misses you.
The bat hits you but does no damage.
Aim: a bat (chance to defeat MR: 73%)
The bat writhes in agony!
The bat hits you. The bat closely misses you.
You take 1 damage, and have 10/14 hp.
You now have 0/2 mp.
You scratch the bat.
You kill the bat!
You miss the frilled lizard. The frilled lizard closely misses you.
You barely miss the frilled lizard. The frilled lizard misses you.
You miss the frilled lizard. The frilled lizard closely misses you.
You closely miss the frilled lizard. The frilled lizard bites you.
You take 1 damage, and have 9/14 hp.
You barely miss the frilled lizard. The frilled lizard bites you.
You take 1 damage, and have 8/14 hp.
You barely miss the frilled lizard. The frilled lizard misses you.
You barely miss the frilled lizard. The frilled lizard closely misses you.
You scratch the frilled lizard.
You kill the frilled lizard!
You start resting.
You feel your flesh rotting away.
You regained 3 hp, and now have 11/13 hp.
MP restored: 2 You start resting.
Health restored: 13 Unknown command.
c - 2 rations (gained 1)
A frilled lizard comes into view.
The frilled lizard hisses angrily.
The frilled lizard moves out of view.
The frilled lizard is too close now for your liking.
You see here 12 gold pieces.
A frilled lizard is nearby!
A frilled lizard is nearby!
Aim: a frilled lizard (chance to defeat MR: 76%)
The frilled lizard writhes in agony!
You kill the frilled lizard!
You now have 1/2 mp.
You now have 12 gold pieces.
You see here a frilled lizard corpse.
b - a club A dart slug comes into view.
MP restored: 2 Unknown command.
Wield which item (- for none, * to show all)? (? for menu, Esc to quit)
It sticks to your claw!
b - a cursed -3 club (weapon)
The dart slug launches a dart at you. The slug dart hits you!
You take 2 damage, and have 11/13 hp.
Unknown command.
Aim: a dart slug (chance to defeat MR: 76%)
The dart slug barely resists.
You now have 1/2 mp.
Aim: a dart slug (chance to defeat MR: 76%)
The dart slug writhes in agony!
You now have 0/2 mp.
Unknown command.
The dart slug launches a dart at you. The slug dart hits you!
You take 4 damage, and have 7/13 hp.
MASSIVE DAMAGE!!
Welcome back, mhoghedin the Ghoul Necromancer.
You hit the dart slug. The dart slug bites you.
You take 2 damage, and have 5/13 hp.
You hit the dart slug. The dart slug bites you.
* * * LOW HITPOINT WARNING * * *
You take 2 damage, and have 3/13 hp.
You hit the dart slug. The dart slug launches a dart at you.
The slug dart misses you.
You hit the dart slug but do no damage. The dart slug bites you.
* * * LOW HITPOINT WARNING * * *
You take 2 damage, and have 1/13 hp.
Unknown command.
You hit the dart slug.
You kill the dart slug!
A frilled lizard comes into view.
The frilled lizard hisses angrily.
The frilled lizard misses you.
You closely miss the frilled lizard. The frilled lizard bites you.
You die...

#.# ##........ ..
###.###...##.... .
#.# .......†###....
.. ..#
##.###....#.... ...
.. #..##....#####
#...##.## #........#
........###..##....#
#$...l#.....#....#
#...@...##..#####
###.....$.....#
.............#....
#####....###..#...#
#....# ##..##.#
##...# #....# ..#.#
### ...... .......


You could see a frilled lizard.

Vanquished Creatures
  A dart slug (D:1)
  A bat (D:1)
  2 frilled lizards (D:1)
4 creatures vanquished.

Notes
Turn   | Place    | Note
-------+----------+-------------------------------------------
     0 | D:1      | mhoghedin the Ghoul Necromancer began the quest for the Orb.
     0 | D:1      | Reached XP level 1. HP: 14/14 MP: 2/2
   196 | D:1      | HP: 3/13 [dart slug (2)]
   198 | D:1      | HP: 1/13 [dart slug (2)]
   204 | D:1      | Slain by a frilled lizard

Vault maps used:
D:1:      lightli_arrival_noodles, minmay_tall_x

Action                   || total
-------------------------++-------
Melee: Unarmed           ||    17
       Club              ||     6
 Cast: Pain              ||     6
Armor: Robe              ||     5
Dodge: Dodged            ||    21

Table legend:
 A = Spawn XP
 B = Non-spawn XP
 C = Spawn XP percentage of total XP
 D = Spawn monster count
 E = Non-spawn monster count
 F = Spawn count percentage of total count
 G = Total turns spent on level
                    A         B        C        D         E        F      G
               +---------+---------+-------+---------+---------+-------+---------
         Total |       0 |       8 |   0.0 |       0 |       4 |   0.0 |   204
               +---------+---------+-------+---------+---------+-------+---------
           D:1 |       0 |       8 |   0.0 |       0 |       4 |   0.0 |   204
               +---------+---------+-------+---------+---------+-------+---------

Vault maps used:
D:1:      lightli_arrival_noodles, minmay_tall_x

Table legend:
 A = Turns spent in this place as a percentage of turns spent in the entire game.
 B = Non-inter-level travel turns spent in this place as a percentage of non-inter-level travel turns spent in the entire game.
 C = Inter-level travel turns spent in this place as a percentage of turns spent in this place.
 D = Turns resting spent in this place as a percentage of non-inter-level travel turns spent in this place.
 E = Turns spent auto-exploring this place as a percentage of non-inter-level travel turns spent in this place.
 F = Non-inter-level travel turns spent in this place divided by the number of levels of this place that you've seen.
                   A       B       C       D       E      F
               +-------+-------+-------+-------+-------+----------------------
         Total | 100.0 | 100.0 |   0.0 |  52.9 |  22.1 | 204.0
       Dungeon | 100.0 | 100.0 |   0.0 |  52.9 |  22.1 | 204.0
               +-------+-------+-------+-------+-------+----------------------

Table legend:
 A = Kills in this place as a percentage of kills in entire the game.
 B = Kills by you in this place as a percentage of kills by you in the entire game.
 C = Kills by friends in this place as a percentage of kills by friends in the entire game.
 D = Other kills in this place as a percentage of other kills in the entire game.
 E = Experience gained in this place as a percentage of experience gained in the entire game.
 F = Experience gained in this place divided by the number of levels of this place that you have seen.
                   A       B       C       D       E      F
               +-------+-------+-------+-------+-------+----------------------
         Total | 100.0 | 100.0 |   N/A |   N/A | 100.0 |   8.0
       Dungeon | 100.0 | 100.0 |   N/A |   N/A | 100.0 |   8.0
               +-------+-------+-------+-------+-------+----------------------
